[ AOE2 MATCH · #475449155 ]
1v1 RMCumans vs Ethiopians
Player's team · WIN
[ REPLAY ANALYSIS · EXTRACTED FROM THE RECORDED GAME ]
Feudal
8:52
Castle
22:05
Imperial
36:02
| APM avg | 70.6 |
| APM peak | 101 |
| eAPM avg | 30.6 |
| Villagers / military | 115 / 76 |
Focus
⚔️ 33.9% · 🌾 66.1%
Skirmisher ×27 · Archer ×22 · Knight ×19 · Monk ×4 · Scout Cavalry ×3 · Spearman ×1
Feudal
9:12
Castle
24:28
Imperial
—
| APM avg | 49.3 |
| APM peak | 110 |
| eAPM avg | 24.4 |
| Villagers / military | 90 / 39 |
Focus
⚔️ 46.0% · 🌾 54.0%
Archer ×13 · Knight ×10 · Militia ×6 · Spearman ×4 · Monk ×3 · Mangonel ×3
Match map
Initial resources + every placement click. Lines = walls · curves = elevation contours. ◆ gold · ⬟ stone · ● berries · ✦ relic · ◌ wall gap
Your base· Open — 2t gap
NuMa | OliverAtom's base· Open — 4t gap
Smoothed initial terrain · ◌ = detected wall gap · hover for details
Inputs per minute
— XEVER | CaboBV - - NuMa | OliverAtom
Build order — XEVER | CaboBV
First 150 of 355 actions detected
| 0:01 | Create | Villager (Male) |
| 0:01 | Create | Villager (Male) |
| 0:01 | Create | Villager (Male) |
| 0:02 | Create | Villager (Male) |
| 0:02 | Build | House |
| 0:03 | Build | House |
| 1:24 | Create | Villager (Male) |
| 1:58 | Create | Villager (Male) |
| 2:11 | Build | Lumber Camp |
| 2:22 | Create | Villager (Male) |
| 2:51 | Create | Villager (Male) |
| 3:13 | Create | Villager (Male) |
| 3:38 | Create | Villager (Male) |
| 4:02 | Build | House |
| 4:09 | Create | Villager (Male) |
| 4:12 | Create | Villager (Male) |
| 4:23 | Build | House |
| 4:32 | Build | Palisade Wall |
| 4:35 | Build | House |
| 4:45 | Build | Mill |
| 4:52 | Create | Villager (Male) |
| 5:22 | Research | Loom |
| 5:26 | Create | Villager (Male) |
| 5:37 | Create | Villager (Male) |
| 5:45 | Research | Loom |
| 6:40 | Research | Feudal Age |
| 7:33 | Build | Barracks |
| 7:40 | Create | Villager (Male) |
| 7:55 | Create | Villager (Male) |
| 8:11 | Create | Villager (Male) |
| 8:19 | Build | Palisade Wall |
| 8:20 | Build | Palisade Wall |
| 8:20 | Build | Palisade Wall |
| 8:24 | Build | Palisade Wall |
| 8:25 | Build | Palisade Wall |
| 8:26 | Build | Palisade Wall |
| 8:37 | Create | Villager (Male) |
| 8:52 | Age | Feudal Age |
| 8:56 | Build | Stable |
| 8:59 | Build | Palisade Wall |
| 9:01 | Build | House |
| 9:07 | Create | Villager (Male) |
| 9:08 | Create | Spearman |
| 9:10 | Create | Villager (Male) |
| 9:26 | Research | Double-Bit Axe |
| 9:39 | Create | Scout Cavalry |
| 9:40 | Create | Scout Cavalry |
| 9:51 | Create | Villager (Male) |
| 9:51 | Create | Villager (Male) |
| 10:00 | Build | Farm |
| 10:01 | Build | Farm |
| 10:02 | Build | Farm |
| 10:17 | Create | Villager (Male) |
| 10:26 | Build | Archery Range |
| 10:36 | Create | Scout Cavalry |
| 10:38 | Create | Villager (Male) |
| 10:52 | Create | Villager (Male) |
| 10:54 | Build | Mill |
| 11:13 | Build | Mining Camp |
| 11:14 | Create | Archer |
| 11:43 | Build | Farm |
| 11:45 | Create | Villager (Male) |
| 11:47 | Build | House |
| 12:02 | Create | Villager (Male) |
| 12:03 | Build | Farm |
| 12:04 | Build | Farm |
| 12:12 | Create | Skirmisher |
| 12:19 | Create | Archer |
| 12:40 | Create | Villager (Male) |
| 12:43 | Build | Blacksmith |
| 12:49 | Create | Villager (Male) |
| 13:01 | Create | Skirmisher |
| 13:06 | Create | Skirmisher |
| 13:08 | Build | House |
| 13:27 | Research | Fletching |
| 13:35 | Create | Villager (Male) |
| 13:37 | Build | House |
| 13:40 | Build | House |
| 13:45 | Create | Skirmisher |
| 13:57 | Create | Skirmisher |
| 13:59 | Build | House |
| 14:00 | Build | Palisade Wall |
| 14:04 | Create | Villager (Male) |
| 14:06 | Build | Farm |
| 14:06 | Build | Farm |
| 14:15 | Create | Skirmisher |
| 14:23 | Build | House |
| 14:28 | Build | Farm |
| 14:33 | Create | Skirmisher |
| 14:38 | Create | Villager (Male) |
| 14:42 | Build | Farm |
| 14:42 | Create | Villager (Male) |
| 14:50 | Create | Skirmisher |
| 15:01 | Create | Villager (Male) |
| 15:20 | Create | Villager (Male) |
| 15:22 | Create | Skirmisher |
| 15:44 | Create | Skirmisher |
| 15:49 | Build | Farm |
| 15:51 | Create | Villager (Male) |
| 15:52 | Build | Farm |
| 15:58 | Create | Villager (Male) |
| 16:03 | Build | Farm |
| 16:04 | Build | Farm |
| 16:17 | Create | Villager (Male) |
| 16:18 | Build | Palisade Wall |
| 16:28 | Create | Villager (Male) |
| 16:31 | Build | Farm |
| 16:37 | Create | Villager (Male) |
| 16:49 | Create | Villager (Male) |
| 17:16 | Create | Villager (Male) |
| 17:18 | Build | Palisade Wall |
| 18:02 | Build | Lumber Camp |
| 18:34 | Build | Market |
| 18:52 | Build | Farm |
| 19:25 | Research | Castle Age |
| 19:28 | Create | Skirmisher |
| 19:41 | Build | Archery Range |
| 19:45 | Create | Skirmisher |
| 19:45 | Create | Skirmisher |
| 20:02 | Create | Skirmisher |
| 20:05 | Research | Padded Archer Armor |
| 20:17 | Create | Skirmisher |
| 20:24 | Create | Skirmisher |
| 20:39 | Create | Skirmisher |
| 20:39 | Create | Villager (Male) |
| 20:40 | Create | Skirmisher |
| 20:42 | Create | Villager (Male) |
| 20:48 | Build | Town Center |
| 20:55 | Create | Skirmisher |
| 20:56 | Build | Farm |
| 20:56 | Build | Farm |
| 20:57 | Build | Farm |
| 21:02 | Research | Horse Collar |
| 21:06 | Create | Villager (Male) |
| 21:08 | Build | House |
| 21:33 | Create | Archer |
| 21:35 | Create | Villager (Male) |
| 21:38 | Build | House |
| 21:48 | Create | Archer |
| 21:51 | Build | House |
| 22:05 | Age | Castle Age |
| 22:06 | Research | Crossbowman (upgrade) |
| 22:09 | Research | Elite Skirmisher (upgrade) |
| 22:11 | Research | Bodkin Arrow |
| 22:16 | Create | Skirmisher |
| 22:16 | Create | Skirmisher |
| 22:26 | Create | Villager (Male) |
| 22:26 | Create | Villager (Male) |
| 22:28 | Create | Villager (Male) |
| 22:28 | Create | Villager (Male) |
Build order — NuMa | OliverAtom
First 150 of 274 actions detected
| 0:02 | Create | Villager (Male) |
| 0:03 | Build | House |
| 0:04 | Build | House |
| 0:05 | Create | Villager (Male) |
| 0:17 | Create | Villager (Male) |
| 0:23 | Create | Villager (Male) |
| 1:34 | Create | Villager (Male) |
| 1:34 | Create | Villager (Male) |
| 1:58 | Build | Lumber Camp |
| 2:10 | Create | Villager (Male) |
| 2:26 | Create | Villager (Male) |
| 2:26 | Create | Villager (Male) |
| 2:59 | Create | Villager (Male) |
| 3:26 | Create | Villager (Male) |
| 3:43 | Build | House |
| 3:46 | Create | Villager (Male) |
| 3:47 | Create | Villager (Male) |
| 3:59 | Create | Villager (Male) |
| 4:39 | Create | Villager (Male) |
| 4:59 | Build | Barracks |
| 5:06 | Create | Villager (Male) |
| 5:12 | Create | Villager (Male) |
| 5:19 | Create | Villager (Male) |
| 5:20 | Research | Loom |
| 5:40 | Build | Palisade Wall |
| 5:42 | Build | Palisade Wall |
| 5:53 | Build | Palisade Wall |
| 6:13 | Build | House |
| 6:15 | Build | House |
| 7:02 | Research | Feudal Age |
| 7:02 | Research | Feudal Age |
| 7:13 | Build | Mill |
| 7:33 | Create | Militia |
| 7:34 | Create | Militia |
| 7:59 | Create | Militia |
| 7:59 | Create | Militia |
| 8:15 | Build | Mining Camp |
| 8:43 | Create | Militia |
| 8:43 | Create | Militia |
| 9:12 | Age | Feudal Age |
| 9:13 | Create | Villager (Male) |
| 9:15 | Research | Man-at-Arms (upgrade) |
| 9:32 | Build | Archery Range |
| 9:40 | Create | Villager (Male) |
| 9:53 | Build | Farm |
| 9:54 | Build | Farm |
| 10:00 | Create | Villager (Male) |
| 10:07 | Create | Villager (Male) |
| 10:24 | Create | Villager (Male) |
| 10:30 | Build | House |
| 10:31 | Create | Archer |
| 10:32 | Create | Archer |
| 10:32 | Create | Archer |
| 11:09 | Create | Spearman |
| 11:23 | Create | Spearman |
| 11:27 | Create | Villager (Male) |
| 11:27 | Create | Villager (Male) |
| 11:43 | Create | Archer |
| 11:55 | Build | Palisade Wall |
| 11:56 | Build | Palisade Wall |
| 11:57 | Build | Palisade Wall |
| 11:59 | Create | Villager (Male) |
| 12:19 | Create | Villager (Male) |
| 12:23 | Create | Archer |
| 12:27 | Create | Spearman |
| 12:29 | Build | Mill |
| 12:44 | Build | Palisade Wall |
| 12:51 | Build | Blacksmith |
| 12:55 | Research | Town Watch |
| 13:20 | Build | Farm |
| 13:29 | Create | Spearman |
| 13:37 | Research | Fletching |
| 13:37 | Research | Fletching |
| 13:52 | Create | Archer |
| 13:57 | Create | Villager (Male) |
| 13:59 | Build | House |
| 14:00 | Build | House |
| 14:01 | Build | House |
| 14:04 | Build | House |
| 14:20 | Build | Watch Tower |
| 14:29 | Build | Palisade Gate |
| 14:38 | Create | Villager (Male) |
| 14:49 | Create | Villager (Male) |
| 15:03 | Build | House |
| 15:05 | Build | House |
| 15:40 | Create | Archer |
| 15:53 | Create | Villager (Male) |
| 16:02 | Build | Farm |
| 16:05 | Build | Farm |
| 16:16 | Build | Farm |
| 16:17 | Create | Villager (Male) |
| 16:18 | Create | Archer |
| 16:18 | Create | Archer |
| 16:24 | Create | Villager (Male) |
| 16:40 | Create | Archer |
| 16:40 | Create | Archer |
| 16:44 | Create | Villager (Male) |
| 16:45 | Build | House |
| 17:13 | Research | Padded Archer Armor |
| 17:51 | Create | Villager (Male) |
| 17:55 | Create | Archer |
| 18:18 | Create | Archer |
| 18:18 | Create | Villager (Male) |
| 18:24 | Build | Lumber Camp |
| 18:48 | Create | Villager (Male) |
| 18:51 | Build | Farm |
| 18:55 | Research | Double-Bit Axe |
| 19:04 | Build | Palisade Wall |
| 19:14 | Create | Villager (Male) |
| 19:20 | Build | House |
| 19:20 | Build | House |
| 19:24 | Create | Villager (Male) |
| 19:26 | Build | Farm |
| 19:36 | Build | Farm |
| 19:45 | Build | Farm |
| 20:04 | Create | Villager (Male) |
| 20:09 | Build | House |
| 20:13 | Build | Farm |
| 20:15 | Build | Farm |
| 20:22 | Create | Villager (Male) |
| 20:27 | Build | Palisade Wall |
| 20:31 | Build | Palisade Wall |
| 20:46 | Build | Market |
| 20:58 | Create | Villager (Male) |
| 21:03 | Build | Farm |
| 21:14 | Create | Villager (Male) |
| 21:25 | Build | Farm |
| 21:47 | Research | Castle Age |
| 21:48 | Research | Castle Age |
| 21:48 | Research | Castle Age |
| 22:00 | Build | House |
| 22:05 | Build | Stable |
| 22:29 | Build | Farm |
| 22:43 | Build | Stable |
| 22:51 | Build | House |
| 22:58 | Research | Scale Barding Armor |
| 23:12 | Research | Horse Collar |
| 23:22 | Build | Farm |
| 23:37 | Build | House |
| 23:46 | Build | Lumber Camp |
| 24:28 | Age | Castle Age |
| 24:30 | Create | Knight |
| 24:31 | Create | Knight |
| 24:32 | Research | Bodkin Arrow |
| 24:38 | Research | Crossbowman (upgrade) |
| 24:39 | Research | Crossbowman (upgrade) |
| 24:40 | Create | Villager (Male) |
| 25:02 | Create | Knight |
| 25:03 | Create | Knight |
| 25:08 | Create | Villager (Male) |
Match timeline
| 4:32 | XEVER | CaboBV · wall_segment Palisade Wall x1 |
| 4:59 | NuMa | OliverAtom · first_building Barracks |
| 5:40 | NuMa | OliverAtom · wall_segment Palisade Wall x1 |
| 5:42 | NuMa | OliverAtom · wall_segment Palisade Wall x1 |
| 5:53 | NuMa | OliverAtom · wall_segment Palisade Wall x1 |
| 7:33 | XEVER | CaboBV · first_building Barracks |
| 8:19 | XEVER | CaboBV · wall_segment Palisade Wall x1 |
| 8:20 | XEVER | CaboBV · wall_segment Palisade Wall x1 |
| 8:20 | XEVER | CaboBV · wall_segment Palisade Wall x1 |
| 8:24 | XEVER | CaboBV · wall_segment Palisade Wall x1 |
| 8:25 | XEVER | CaboBV · wall_segment Palisade Wall x1 |
| 8:26 | XEVER | CaboBV · wall_segment Palisade Wall x1 |
| 8:52 | XEVER | CaboBV · age_up feudal |
| 8:56 | XEVER | CaboBV · first_building Stable |
| 8:59 | XEVER | CaboBV · wall_segment Palisade Wall x1 |
| 9:12 | NuMa | OliverAtom · age_up feudal |
| 9:32 | NuMa | OliverAtom · first_building Archery Range |
| 10:26 | XEVER | CaboBV · first_building Archery Range |
| 11:55 | NuMa | OliverAtom · wall_segment Palisade Wall x1 |
| 11:56 | NuMa | OliverAtom · wall_segment Palisade Wall x1 |
| 11:57 | NuMa | OliverAtom · wall_segment Palisade Wall x1 |
| 12:44 | NuMa | OliverAtom · wall_segment Palisade Wall x5 |
| 14:00 | XEVER | CaboBV · wall_segment Palisade Wall x7 |
| 16:18 | XEVER | CaboBV · wall_segment Palisade Wall x1 |
| 17:18 | XEVER | CaboBV · wall_segment Palisade Wall x1 |
| 19:04 | NuMa | OliverAtom · wall_segment Palisade Wall x9 |
| 19:25 | XEVER | CaboBV · first_market_buy 100 food |
| 20:27 | NuMa | OliverAtom · wall_segment Palisade Wall x10 |
| 20:31 | NuMa | OliverAtom · wall_segment Palisade Wall x6 |
| 21:44 | NuMa | OliverAtom · first_market_buy 100 food |
| 21:46 | NuMa | OliverAtom · first_market_sell 100 wood |
| 22:05 | XEVER | CaboBV · age_up castle |
| 22:05 | NuMa | OliverAtom · first_building Stable |
| 22:36 | XEVER | CaboBV · wall_segment Palisade Wall x1 |
| 23:05 | XEVER | CaboBV · wall_segment Palisade Wall x1 |
| 24:05 | XEVER | CaboBV · wall_segment Palisade Wall x1 |
| 24:28 | NuMa | OliverAtom · age_up castle |
| 24:45 | XEVER | CaboBV · first_market_sell 100 wood |
| 26:53 | NuMa | OliverAtom · first_building Monastery |
| 28:35 | XEVER | CaboBV · first_building Monastery |
| 30:46 | NuMa | OliverAtom · first_building Siege Workshop |
| 30:54 | XEVER | CaboBV · first_building Castle |
| 36:02 | XEVER | CaboBV · age_up imperial |
| 37:18 | NuMa | OliverAtom · resign |
[ AI ANALYSIS · 1 CREDIT ]
What really happened in this match?
Wolo.gg analyzes every decision: build order, eco, micro, common mistakes by bracket. Personalized analysis on WhatsApp or Discord in 30 seconds.
Civ guide
Cumans
Map guide
Arabia
Perfil
XEVER | CaboBV